 Dungeon Crawl Stone Soup version 0.20.0-15-g7f486f2 (webtiles) character file.

39 grindst0ne the Ruffian (level 3, -4/33 HPs)
             Began as a Ghoul Monk on June 10, 2017.
             Slain by a killer bee (7 damage)
             ... on level 2 of the Dungeon.
             The game lasted 00:02:11 (1846 turns).

grindst0ne the Ruffian (Ghoul Monk)                 Turns: 1846, Time: 00:02:12

Health: -4/33      AC:  7    Str: 14    XL:     3   Next: 47%
Magic:  2/2        EV: 10    Int:  9    God:
Gold:   96         SH:  0    Dex: 12    Spells: 2/2 levels left

rFire    + . .     SeeInvis .     - Unarmed
rCold    + + .     Gourm    .   (no shield)
rNeg     + + +     Faith    .   j - +0 scale mail
rPois    ∞         Spirit   .   (no helmet)
rElec    +         Reflect  .   k - +0 cloak (curse)
rCorr    +         Harm     .   (no gloves)
MR       .....                  (no boots)
Stlth    +.........             (no amulet)
Regen    0.0/turn               d - +4 ring of intelligence
MPRegen  0.1/turn               (no ring)

@: resistant, rotting
A: rotting body, claws 1, carnivore 3, cold resistance 1, negative energy
resistance 3, inhibited regeneration, torment resistance, unbreathing
a: no special abilities


You were on level 2 of the Dungeon.
You were not hungry.

You visited 1 branch of the dungeon, and saw 3 of its levels.

You collected 96 gold pieces.

Inventory:

Armour
 a - a +0 robe
 j - a +0 scale mail (worn)
 k - a cursed +0 cloak (worn)
Jewellery
 d - a +4 ring of intelligence (left claw)
Scrolls
 f - a scroll of teleportation {unknown}
 g - a scroll of immolation {unknown}
 i - a scroll of magic mapping {unknown}
 m - 3 scrolls of remove curse {unknown}
 p - a scroll of identify {unknown}
Potions
 e - 2 potions of curing {unknown}
 h - a potion of degeneration {unknown}
 n - 2 potions of invisibility {unknown}
 o - a potion of cancellation {unknown}
Comestibles
 b - 3 meat rations
 l - 2 chunks of flesh


   Skills:
 + Level 3.8 Fighting
 - Level 2.6 Dodging
 - Level 2.1 Stealth
 + Level 4.3 Unarmed Combat


You had 2 spell levels left.
You didn't know any spells.

Dungeon Overview and Level Annotations

Branches:
Dungeon (3/15)

Altars:
Okawaru


Innate Abilities, Weirdness & Mutations

Your body is rotting away.
You thrive on raw meat.
You are immune to poison.
You have sharp fingernails.
You are carnivorous and can eat meat at any time.
Your flesh is cold resistant. (rC+)
You are immune to negative energy. (rN+++)
You do not regenerate when monsters are visible.
You are immune to unholy pain and torment.
You can survive without breathing.


Message History

Where to? (Enter - D:3, ? - help)
There are monsters nearby!
The killer bee completely misses you.
The orc wizard casts a spell.
The orc wizard seems to speed up.
The giant cockroach bites you but does no damage.
The killer bee stings you.
You climb upwards.
There is a stone staircase leading down here.
Sorry, you're not good enough to have a special ability.
You closely miss the killer bee. The killer bee stings you!
* * * LOW HITPOINT WARNING * * *
The giant cockroach bites you but does no damage.
The killer bee closely misses you.
It was a potion of resistance.
You feel protected. The killer bee barely misses you.
The giant cockroach bites you but does no damage.
The killer bee stings you!
You die...

#...#.........♣♣♣.♣♣♣.♣..♣♣♣.....
#...##########♣P..P♣♣#♣..♣P♣#.#.#
'...'.........♣.P♣♣♣# ♣♣♣.♣♣..#..
#...########..♣..♣♣.# ♣♣P.♣....)
#...# #..♣.♣♣..# ♣♣..♣♣#....
######## #........##♣.♣♣♣.#'###
#......#####........##...###.....
#..................###.#.<.......
'.....♣♣♣♣♣♣....@..'.............
#....♣.♣♣..P♣..sy..#..(#.........
#....♣.PP.♣♣♣......#.###.........
#...♣♣♣..PP♣♣#######'#...........
...♣PP♣....♣#..........#.#.......
##.....P♣P♣♣#....................
##♣♣.P♣♣♣# #..........#.........
###♣♣♣♣♣.###.........######..###
#..........'.................###


You could see a killer bee and a giant cockroach.

Vanquished Creatures
  3 dart slugs
  A ball python (D:1)
  3 bats (D:1)
  2 giant cockroaches
  3 goblins (D:1)
  5 hobgoblins
  2 jackals (D:2)
  6 kobolds
  2 frilled lizards (D:2)
  6 rats
33 creatures vanquished.

Notes
Turn   | Place    | Note
-------+----------+-------------------------------------------
     0 | D:1      | grindst0ne the Ghoul Monk began the quest for the Orb.
     0 | D:1      | Reached XP level 1. HP: 19/19 MP: 0/0
   252 | D:1      | Reached XP level 2. HP: 26/26 MP: 1/1
   475 | D:1      | Reached skill level 4 in Unarmed Combat
   897 | D:2      | Reached XP level 3. HP: 31/33 MP: 2/2
  1080 | D:2      | Found an iron altar of Okawaru.
  1835 | D:3      | Noticed a killer bee
  1837 | D:3      | Noticed a killer bee
  1839 | D:3      | Noticed a killer bee
  1840 | D:3      | Noticed an orc warrior
  1844 | D:3      | Noticed a killer bee
  1844 | D:3      | Noticed a killer bee
  1846 | D:2      | Slain by a killer bee

Skill      XL: |  1  2 |
---------------+-------+-----
Unarmed Combat | 4 |  4.3
Fighting       | |  3.8
Dodging        | |  2.6
Stealth        | |  2.1

Action                   || total
-------------------------++-------
Melee: Unarmed           ||   102
       Punch             ||     1
  Use: Potion            ||     1
 Stab: Sleeping          ||     6
  Eat: Chunk             ||     5
Armor: Robe              ||     6
       Scale mail        ||    33
Dodge: Dodged            ||    59
